 Dungeon Crawl Stone Soup version 0.29.1-15-g9cfb28693d (webtiles) character file.

Game seed: 17640278264341322827

3861 velefi the Firebug (level 9, -10/63 HPs)
             Began as a Grey Draconian Fire Elementalist on Mar 3, 2023.
             Was a Believer of Vehumet.
             Killed from afar by a gargoyle (29 damage)
             ... with a stone arrow
             ... on level 7 of the Dungeon.
             The game lasted 01:16:12 (10272 turns).

velefi the Firebug (DrFE)                          Turns: 10272, Time: 01:16:13

Health: -10/63     AC: 13    Str: 10    XL:     9   Next: 99%
Magic:  15/29      EV: 13    Int: 20    God:    Vehumet [**....]
Gold:   585        SH:  0    Dex: 12    Spells: 11/23 levels left

rFire   . . .      SeeInvis .   v - staff of earth
rCold   . . .      Faith    .   (no shield)
rNeg    . . .      Spirit   .   (body armour unavailable)
rPois   .          Reflect  .   (helmet restricted)
rElec   .          Harm     .   (no cloak)
rCorr   .          Rampage  .   l - +0 pair of gloves
Will    .....                   (no boots)
Stlth   ++........              (no amulet)
HPRegen 0.20/turn               e - ring of magical power
MPRegen 0.21/turn               (no ring)

@: studying Ranged Weapons
A: AC +12, amphibious, unfitting armour, cold-blooded
a: Renounce Religion


You were on level 7 of the Dungeon.
You worshipped Vehumet.
Vehumet was pleased with you.
You visited 2 branches of the dungeon, and saw 8 of its levels.
You also visited: Sewer.

You collected 585 gold pieces.

Inventory:

Hand Weapons
 n - a +0 mace of draining
 x - the +9 mace "Inwal" {freeze, rC+ Str+3}
   (You found it on level 6 of the Dungeon)

   It freezes those it strikes, dealing additional cold damage.
   It can also slow down cold-blooded creatures.
   Str:       It affects your strength (+3).
   rC:        It protects you from cold.
Missiles
 b - 11 poisoned darts
 f - a throwing net
Armour
 l - a +0 pair of gloves (worn)
Magical Staves
 v - a staff of earth (weapon)
Jewellery
 e - a ring of magical power (left hand)
 r - a ring of fire
Wands
 d - a wand of polymorph (11)
 B - a wand of charming (17) (quivered)
Scrolls
 g - 5 scrolls of immolation
 j - a scroll of blinking
 m - a scroll of noise {unknown}
 o - 2 scrolls of magic mapping {unknown}
 q - 2 scrolls of teleportation {unknown}
 s - a scroll of fog {unknown}
 t - a scroll of fear {unknown}
 w - a scroll of identify
 y - a scroll of vulnerability {unknown}
 A - a scroll of poison {unknown}
Potions
 a - 2 potions of magic
 c - 2 potions of degeneration
 h - 2 potions of curing
 i - a potion of haste
 k - a potion of lignification {unknown}
 p - 2 potions of attraction {unknown}
 u - a potion of resistance
 z - 2 potions of invisibility {unknown}


   Skills:
 + Level 0.7 Fighting
 + Level 0.6 Polearms
 + Level 0.4 Throwing
 + Level 3.8 Dodging
 + Level 3.2 Stealth
 + Level 7.7 Spellcasting
 + Level 6.8 Conjurations
 + Level 0.9 Transmutations
 + Level 7.9 Fire Magic
 + Level 1.6 Air Magic
 + Level 2.6 Poison Magic


You had 11 spell levels left.
You knew the following spells:

 Your Spells              Type           Power      Damage    Failure   Level
a - Foxfire               Conj/Fire      100%       2x1d9     1%          1
c - Mephitic Cloud        Conj/Pois/Air  22%        N/A       6%          3
d - Ignite Poison         Fire/Tmut/Pois 23%        N/A       5%          3
e - Fireball              Conj/Fire      18%        3d9       12%         5

Your spell library contained the following spells:

 Spells                   Type           Power      Damage    Failure   Level
 Static Discharge         Conj/Air       24%        3-6/arc   2%          2
 Magic Dart               Conj           100%       1d8       1%          1
 Scorch                   Fire           78%        2d9       1%          2
 Searing Ray              Conj           70%        2d7       1%          2
 Conjure Flame            Conj/Fire      37%        6-21      1%          3
 Flame Wave               Conj/Fire      37%        2d10      4%          4
 Inner Flame              Hex/Fire       23%        N/A       5%          3
 Beastly Appendage        Tmut           22%        N/A       6%          1
 Wereblood                Tmut           11%        N/A       9%          2
 Sublimation of Blood     Necr           7%         N/A       13%         2
 Spider Form              Tmut/Pois      14%        N/A       13%         3
 Fulminant Prism          Conj/Hex       10%        3d9       22%         4
 Confusing Touch          Hex            7%         N/A       26%         3
 Gell's Gravitas          Tloc           7%         N/A       26%         3
 Lesser Beckoning         Tloc           7%         N/A       26%         3
 Teleport Other           Tloc           7%         N/A       26%         3
 Starburst                Conj/Fire      18%        6d7       54%         6
 Freezing Cloud           Conj/Ice/Air   9%         6-21      61%         5
 Yara's Violent Unravell  Hex/Tmut       4%         3d4       90%         5
 Enfeeble                 Hex            3%         N/A       100%        7
 Malign Gateway           Summ/Tloc      3%         N/A       100%        7
 Summon Hydra             Summ           3%         N/A       100%        7
 Ignition                 Fire           19%        3d7       100%        8
 Summon Horrible Things   Summ           3%         N/A       100%        8


Dungeon Overview and Level Annotations

Branches:
Dungeon (7/15)             Temple (1/1) D:5           Sewer (visited)

Altars:
Ashenzari
Cheibriados
Dithmenos
Elyvilon
Fedhas
Gozag
Hepliaklqana
Makhleb
Nemelex Xobeh
Okawaru
Qazlal
Ru
Trog
Uskayaw
Vehumet
Wu Jian
Xom
Yredelemnul
Zin
The Shining One

Shops:
D:1 !

Annotations:
D:7 1 runed translucent door, cerebuk897's ghost, novice MfFi


Innate Abilities, Weirdness & Mutations

Your dull iron-grey scales are very hard. (AC +12)
You are amphibious.
You cannot fit into any form of body armour.
You are cold-blooded and may be slowed by cold attacks.


Message History

The gargoyle is moderately damaged.
Casting: Foxfire (safe; 1% risk of failure)
Confirm with . or Enter, or press ? or * to list all spells.
You conjure some foxfire!
The gargoyle hurls a stone arrow at you.
The stone arrow misses you.
Casting: Foxfire (safe; 1% risk of failure)
Confirm with . or Enter, or press ? or * to list all spells.
You conjure some foxfire!
The foxfire hits the gargoyle but does no damage.
The gargoyle is moderately damaged.
The foxfire hits the gargoyle but does no damage.
The gargoyle is moderately damaged.
The scorpion stings the gargoyle but does no damage.
The gargoyle hits you but does no damage.
Casting: Foxfire (safe; 1% risk of failure)
Confirm with . or Enter, or press ? or * to list all spells.
You conjure some foxfire!
The foxfire hits the scorpion.
The scorpion is moderately wounded.
The foxfire hits the gargoyle.
The gargoyle is moderately damaged.
The scorpion stings the gargoyle.
The gargoyle hits you with a +0 flail!
Casting: Foxfire (safe; 1% risk of failure)
Confirm with . or Enter, or press ? or * to list all spells.
You conjure some foxfire!
The foxfire hits the gargoyle but does no damage.
The gargoyle is moderately damaged.
The foxfire hits the gargoyle but does no damage.
The gargoyle is moderately damaged.
The gargoyle hits you with a +0 flail!
Casting: Foxfire (safe; 1% risk of failure)
Confirm with . or Enter, or press ? or * to list all spells.
You conjure some foxfire!
The foxfire hits the gargoyle but does no damage.
The gargoyle is moderately damaged.
The foxfire hits the gargoyle!
The gargoyle is severely damaged.
The gargoyle hurls a stone arrow at you.
The stone arrow hits you!!
You die...

.......#.............#...
################.#####
.#. #..)..# .# # #.†...#
#.....# #.....# #.....#
##v§§## #..@.♣ #..9v♣#
#[.s..# #.)...# #.....#
#....♣# ♣.....# ...♣♣♣.#
♣♣♣.. .#


You could see a gargoyle (ally target) and a scorpion (confused).

Vanquished Creatures
  Pikel (D:4)
  Maggie (D:6)
  Sigmund (D:2)
  A steam dragon (D:7)
  3 water moccasins
  Pargi (Sewer)
  5 ice beasts
  2 sky beasts
  An ogre (D:6)
  A centaur (D:7)
  2 lemures (D:4)
  A bullfrog (D:6)
  Blork the orc (D:4)
  2 scorpions
  2 necrophages
  A killer bee (D:7)
  A wight (D:7)
  4 jellies
  A howler monkey (D:7)
  4 hounds
  3 orc priests
  2 gnoll boudas
  6 iguanas
  6 orc wizards
  10 gnolls
  13 adders
  A river rat (D:4)
  A shadow imp (D:7)
  5 white imps
  3 ufetubi
  3 worms
  A dart slug (D:2)
  18 orcs
  12 bats
  7 endoplasms
  4 giant cockroaches
  7 goblins
  6 hobgoblins
  4 jackals
  A quokka (D:3)
  6 ball pythons
  6 frilled lizards
  4 kobolds
  5 rats
170 creatures vanquished.

Vanquished Creatures (others)
  661 foxfires
  9 plants
670 creatures vanquished.

Grand Total: 840 creatures vanquished

Notes
Turn   | Place    | Note
-------+----------+-------------------------------------------
     0 | D:1      | velefi the Draconian Fire Elementalist began the quest for
                  | the Orb.
     0 | D:1      | Reached XP level 1. HP: 14/14 MP: 3/3
    98 | D:1      | Found a faded altar of an unknown god.
   181 | D:1      | Found Nynukov's Distillery.
   243 | D:1      | Reached XP level 2. HP: 20/20 MP: 1/5
   285 | D:1      | You fall into a shaft and drop 1 floor!
   490 | D:2      | Found a snail-covered altar of Cheibriados.
   712 | D:2      | Noticed Sigmund
   726 | D:2      | Killed Sigmund
   727 | D:2      | Reached XP level 3. HP: 22/26 MP: 3/7
   727 | D:2      | Reached XP level 4. HP: 28/33 MP: 3/8
   727 | D:2      | Reached XP level 5. HP: 32/38 MP: 3/9
  1106 | D:1      | Learned a level 3 spell: Conjure Flame
  1689 | D:2      | Learned a level 3 spell: Mephitic Cloud
  3321 | D:3      | Reached XP level 6. HP: 20/45 MP: 11/11
  3614 | D:3      | Learned a level 3 spell: Ignite Poison
  4094 | D:4      | Found a broken altar of Ashenzari.
  4096 | D:4      | Found a bloodstained altar of Trog.
  4097 | D:4      | Found a basalt altar of Yredelemnul.
  4097 | D:4      | Found a glowing silver altar of Zin.
  4101 | D:4      | Found a stormy altar of Qazlal.
  4102 | D:4      | Found a blossoming altar of Fedhas.
  4327 | D:4      | Reached skill level 5 in Fire Magic
  4447 | D:4      | Noticed Pikel
  4478 | D:4      | Killed Pikel
  4479 | D:4      | Reached skill level 5 in Spellcasting
  4479 | D:4      | Reached skill level 1 in Air Magic
  4479 | D:4      | Reached skill level 1 in Poison Magic
  4479 | D:4      | Your scales start taking on a dull iron-grey colour.
  4479 | D:4      | Reached XP level 7. HP: 16/50 MP: 8/14
  4562 | D:4      | Found a glowing drain.
  4568 | Sewer    | Entered a sewer
  4720 | Sewer    | Noticed Pargi
  4740 | Sewer    | Killed Pargi
  4741 | Sewer    | Reached skill level 1 in Air Magic
  4741 | Sewer    | Reached XP level 8. HP: 55/58 MP: 14/16
  4904 | D:4      | Noticed Blork the orc
  5156 | D:4      | Killed Blork the orc
  5430 | D:5      | Entered Level 5 of the Dungeon
  5442 | D:5      | Found a staircase to the Ecumenical Temple.
  5457 | Temple   | Entered the Ecumenical Temple
  5673 | D:5      | Learned a level 5 spell: Fireball
  6573 | Temple   | Became a worshipper of Vehumet
  7848 | D:6      | Reached XP level 9. HP: 47/63 MP: 11/18
  8118 | D:6      | Reached * piety under Vehumet
  8118 | D:6      | Offered knowledge of Freeze by Vehumet.
  8160 | D:6      | Reached skill level 5 in Conjurations
  8495 | D:6      | Noticed Maggie
  8515 | D:6      | Killed Maggie
  8878 | D:6      | Identified the +9 mace "Inwal" {freeze, rC+ Str+3}
  9659 | D:7      | Found a runed translucent door.
  9954 | D:7      | Noticed cerebuk897's ghost (novice MfFi)
  9954 | D:7      | Noticed a cyclops
 10068 | D:7      | Reached ** piety under Vehumet
 10097 | D:7      | Offered knowledge of Static Discharge by Vehumet.
 10232 | D:7      | Noticed a gargoyle
 10272 | D:7      | Killed from afar by a gargoyle

Illustrated notes

Levels and vault maps discovered:
D:1:      dpeg_arrival_pond, layout_rooms, serial_shops,
          nicolae_shop_advertising_works [nicolae_subvault_shop_adworks],
          ebering_ecumenical_altar_webs
D:2:      kennysheep_six_static_rooms, layout_loops_ring, basic_altar,
          uniq_sigmund
D:3:      layout_rooms
D:4:      layout_cave_pools, grunt_temple_overflow_open, gup_sewer_entry_bowl,
          minmay_quadrilaterals, uniq_pikel, uniq_blork_the_orc
D:5:      layout_rooms, minmay_temple_entry_gardened_gates,
          kennysheep_flooded_box
D:6:      layout_loops_corners, minmay_a_box_with_orc_wizards_in_it, uniq_maggie
D:7:      nzn_winding_woodlands_large [nzn_winding_woodlands_5x5_checkerboard,
          nzn_winding_woodlands_5x15_cabin,
          nzn_winding_woodlands_5x5_closed_star,
          nzn_winding_woodlands_center_lodge,
          nzn_winding_woodlands_15x15_thick_spiral,
          nzn_winding_woodlands_center_garden,
          nzn_winding_woodlands_5x5_default,
          nzn_winding_woodlands_5x15_sidewinder,
          nzn_winding_woodlands_hourglass], layout_gridville,
          ebering_ghost_inner_flame, minivault_1
Temple:   nicolae_temple_great_sept

Skill      XL: |  1  2  3  4  5  6  7  8  9 |
---------------+----------------------------+-----
Dodging        | 2 3 |  3.8
Stealth        | 2 3 |  3.2
Spellcasting   | 3 5 6 7 |  7.7
Conjurations   | 2 3 4 6 |  6.8
Fire Magic     | 4 5 6 7 |  7.9
Air Magic      | 0 1 |  1.6
Poison Magic   | 1 2 |  2.6
Fighting       | |  0.7
Polearms       | |  0.6
Throwing       | |  0.4
Transmutations | |  0.9

Action                   |  1- 3 |  4- 6 |  7- 9 || total
-------------------------+-------+-------+-------++-------
Melee: Unarmed           |     6 |       |       ||     6
       Halberd           |       |    17 |     3 ||    20
       Staff             |       |       |     5 ||     5
       Tailslap          |       |       |     1 ||     1
Throw: Dart              |     5 |       |       ||     5
 Cast: Foxfire           |    38 |   170 |   201 ||   409
       Mephitic Cloud    |       |    18 |    22 ||    40
       Conjure Flame     |       |     4 |     1 ||     5
       Ignite Poison     |       |     4 |    10 ||    14
       Fireball          |       |       |    56 ||    56
  Use: Potion            |     2 |     4 |     2 ||     8
       Scroll            |     1 |     6 |     3 ||    10
Armor: Skin              |    12 |     6 |    94 ||   112
Dodge: Dodged            |    22 |    17 |    99 ||   138
